 Dungeon Sprint DCSS version 0.32-a0-720-g1d96ad090f (webtiles) character file.

Game seed: 8551298861156536159

3495 Conn the Destroyer (level 10, -8/56 HPs)
             Began as an Octopode Fire Elementalist on Mar 16, 2024.
             Was a Priest of Sif Muna.
             Shot with an arrow by a centaur warrior (18 damage)
             ... in the Dungeon (Sprint II: "The Violet Keep of Menkaure").
             The game lasted 00:12:31 (1367 turns).

Conn the Destroyer (Octopode Fire Elementalist)     Turns: 1367, Time: 00:12:31

Health: -8/56      AC:  1    Str: 15    XL:     10   Next: 7%
Magic:  3/24       EV: 15    Int: 21    God:    Sif Muna [***...]
Gold:   1235       SH:  0    Dex: 12    Spells: 15/30 levels left

rFire   . . .        s - staff of cold
rCold   + . .        (no shield)
rNeg    . . .        (helmet restricted)
rPois   .            (no amulet)
rElec   .            e - +6 ring of strength
rCorr   .            p - ring of see invisible
SInv    +            (no ring)
Will    .....        (no ring)
Stlth   ++           (no ring)
HPRegen 0.29/turn    (no ring)
MPRegen 0.19/turn    (no ring)
                     (no ring)

%: no teleportation
@: confused
A: almost no armour, amphibious, 8 rings, camouflage 1, gelatinous body 1,
(nimble swimmer 1), tentacles
a: Renounce Religion, Channel Magic, Forget Spell


You were in the Dungeon.
You worshipped Sif Muna.
Sif Muna was most pleased with you.
You visited 1 branch You collected 1235 gold pieces.

Inventory:

Missiles
 u - 4 atropa-tipped darts (quivered)
Magical Staves
 s - a staff of cold (weapon)
 t - a staff of air
Jewellery
 e - a +6 ring of strength (left tentacle)
 p - a ring of see invisible (right tentacle)
Scrolls
 g - a scroll of acquirement {unknown}
 h - 3 scrolls of poison {unknown}
 i - a scroll of torment {unknown}
 j - a scroll of amnesia {unknown}
 k - 3 scrolls of identify {unknown}
 o - a scroll of brand weapon {unknown}
 q - a scroll of enchant weapon {unknown}
 r - a scroll of fear {unknown}
Potions
 a - 6 potions of magic
 b - 7 potions of curing
 c - a potion of heal wounds
 d - 3 potions of resistance {unknown}
 f - 3 potions of enlightenment {unknown}
 l - a potion of cancellation {unknown}
 m - a potion of might {unknown}
 n - 2 potions of attraction {unknown}


   Skills:
 + Level 8.7 Dodging
 - Level 6.0 Stealth
 - Level 1.1 Unarmed Combat
 * Level 10.8 Spellcasting
 * Level 11.1 Conjurations
 - Level 5.0 Hexes
 + Level 10.0 Fire Magic
 * Level 9.6 Invocations


You had 15 spell levels left.
You knew the following spells:

 Your Spells              Type           Power      Damage    Failure   Level
a - Foxfire               Conj/Fire      100%       2x1d9     1%          1
b - Scorch                Fire           100%       2d9       1%          2
c - Inner Flame           Hex/Fire       43%        N/A       1%          3
d - Flame Wave            Conj/Fire      54%        2d13      1%          4
e - Iskenderun's Mystic   Conj/Tloc      34%        2d8       6%          4
f - Summon Small Mammal   Summ           44%        N/A       6%          1

Your spell library contained the following spells:

 Spells                   Type           Power      Damage    Failure   Level
 Sting                    Conj/Alch      100%       1d9       1%          1
 Tukima's Dance           Hex            32%        N/A       2%          3
 Volatile Blastmotes      Fire/Tloc      64%        2d15      2%          3
 Apportation              Tloc           22%        N/A       6%          1
 Necrotise                Necr           44%        1d6       6%          1
 Dimensional Bullseye     Hex/Tloc       10%        N/A       22%         4


Dungeon Overview and Level Annotations

Branches:
Dungeon (1/1)

Altars:
Cheibriados
Dithmenos
Elyvilon
Fedhas
Gozag
Hepliaklqana
Kikubaaqudgha
Makhleb
Nemelex Xobeh
Okawaru
Qazlal
Ru
Sif Muna
Trog
Uskayaw
Vehumet
Wu Jian
Xom
Yredelemnul
Zin
The Shining One
Beogh
Jiyva
Lugonu

Shops:
D :[(*?*!??!

Annotations:
D exclusion: obsidian statue, Kirke, Roxanne


Innate Abilities, Weirdness & Mutations

You cannot wear most types of armour.
You are amphibious.
You can wear up to eight rings at the same time.
Your skin changes colour to match your surroundings (Stealth+).
Your rubbery body absorbs attacks. (AC +1, EV +1)
((You are camouflaged when in or above water. (Stealth+)))
You have tentacles for arms and can constrict up to eight enemies at once.


Message History

The elephant is almost dead.
The elephant is knocked back by the mystic blast.
Kirke is engulfed in blazing flames.
Unknown command.
Casting: Iskenderun's Mystic Blast (dangerous; 6% risk of failure)
Confirm with . or Enter, or press ? or * to list all spells.
Flames lash the elephant.
The elephant is burned terribly!
You kill the elephant!
Sif Muna accepts your kill.
You can now freely open your mind to new spells.
Your Conjurations skill increases to level 11!
Your Fire Magic skill increases to level 10!
You have reached level 10!
You feel stronger.
Casting: Scorch (safe; 1% risk of failure)
Confirm with . or Enter, or press ? or * to list all spells.
Kirke gestures wildly while chanting.
Kirke summons a sphinx!
Kirke points at you and mumbles some strange words.
Your bat seems to slow down.
Your bat hits the sphinx but does no damage.
Unknown command.
Your bat barely misses the sphinx.
The sphinx completely misses your bat.
The sphinx hits your bat but does no damage.
The sphinx hits your bat!
Your bat dies!
Your bat's corpse disappears in a puff of smoke!
The sphinx casts a spell.
You are confused.
Unknown command.
Unknown command.
Unknown command.
There is an open door here.
You bump into the rock wall.
The centaur warrior shouts!
The sphinx shouts!
The centaur warrior wields a +0 orcbow.
The centaur warrior shoots an arrow.
The arrow hits you!!
* * * LOW HITPOINT WARNING * * *
The centaur warrior shoots an arrow.
The arrow hits you!!
You die...

##~~#+++#+++## #°}▓▓▓▓▓▓
#@~~......§§.# #==▓..[.[
#~~~~.##4##§.# #[[▓...(.
#~~~~###.###.#### +.##.#|)▓.....
#~~~~#..#..#....# ...####▓..)..
#Y~####.#.####..## #^.# .#▓(...)
#5##.###'###.##c.# +.^# .#▓..)..
#§#...##.####.#..# #..# .#▓.....
+~'.#)'.@H'.##H.@####..##.#▓.....
#~#...##.##...#....###...##▓▓▓▓▓▓
#~##.###'###.##......~~~~~~~~~~~~
#~~####.#.####~~.§§..~#'########+
##~ #.###.#~~~~~~~..~#._._._..#l
+# ##.#.##~~§§§~~~.~#.._._._.#l
#~~##'##~~~§≈§§§§~~#._._._._#~
#~~~~~~~~§§§§§§~§~#_._._._.#~
#+++#+++#~≈§≈≈≈§§~#._._._..#~


You could see a sphinx (summoned) and a centaur warrior.

Vanquished Creatures
  A kraken (D)
  An elephant (D)
  A merfolk siren (D)
  A yaktaur (D)
  3 polar bears (D)
  A hornet (D)
  2 wyverns (D)
  Menkaure (D)
  A crocodile (D)
  4 scorpions (D)
  3 ribbon worms (D)
  2 tentacles (D)
21 creatures vanquished.

Vanquished Creatures (others)
  55 foxfires (D)
  42 tentacles (D)
97 creatures vanquished.

Grand Total: 118 creatures vanquished

Notes
Turn   | Place    | Note
-------+----------+-------------------------------------------
     0 | D        | Conn the Octopode Fire Elementalist began the quest for the
                  | Orb.
     0 | D        | Reached XP level 1. HP: 11/11 MP: 3/3
     5 | D        | Noticed a wyvern
     5 | D        | Noticed a wyvern
     9 | D        | Noticed a scorpion
     9 | D        | Noticed a scorpion
     9 | D        | Noticed a scorpion
     9 | D        | Noticed a scorpion
    19 | D        | Killed a scorpion
    20 | D        | Reached skill level 1 in Unarmed Combat
    20 | D        | Reached XP level 2. HP: 14/17 MP: 2/6
    20 | D        | Reached XP level 3. HP: 18/21 MP: 2/8
    20 | D        | Reached XP level 4. HP: 23/27 MP: 2/9
    21 | D        | Killed a scorpion
    22 | D        | Reached skill level 5 in Stealth
    22 | D        | Reached skill level 2 in Conjurations
    22 | D        | Reached XP level 5. HP: 27/31 MP: 2/11
    28 | D        | Reached skill level 5 in Spellcasting
    28 | D        | Reached skill level 4 in Conjurations
    35 | D        | Reached skill level 5 in Conjurations
    35 | D        | Reached XP level 6. HP: 18/36 MP: 3/14
    72 | D        | Reached skill level 5 in Dodging
   107 | D        | Found a glowing silver altar of Zin.
   109 | D        | Found a glowing golden altar of the Shining One.
   109 | D        | Found a basalt altar of Yredelemnul.
   110 | D        | Found a shimmering altar of Xom.
   110 | D        | Found a bloodstained altar of Trog.
   110 | D        | Found a hide-covered altar of Uskayaw.
   110 | D        | Found a radiant altar of Vehumet.
   110 | D        | Found a burning altar of Makhleb.
   146 | D        | Noticed Menkaure
   160 | D        | Killed Menkaure
   161 | D        | Reached skill level 6 in Conjurations
   166 | D        | Found an ornate altar of the Wu Jian Council.
   166 | D        | Found a shimmering blue altar of Sif Muna.
   166 | D        | Found a corrupted altar of Lugonu.
   167 | D        | Found a sacrificial altar of Ru.
   167 | D        | Found an ancient bone altar of Kikubaaqudgha.
   167 | D        | Found a white marble altar of Elyvilon.
   168 | D        | Found a stormy altar of Qazlal.
   168 | D        | Found a viscous altar of Jiyva.
   168 | D        | Found a shadowy altar of Dithmenos.
   169 | D        | Found a hazy altar of Hepliaklqana.
   169 | D        | Found a snail-covered altar of Cheibriados.
   171 | D        | Found a roughly hewn altar of Beogh.
   171 | D        | Found a sparkling altar of Nemelex Xobeh.
   171 | D        | Found a blossoming altar of Fedhas.
   171 | D        | Noticed a hornet
   171 | D        | Noticed a polar bear
   171 | D        | Noticed a polar bear
   172 | D        | Found an opulent altar of Gozag.
   172 | D        | Found an iron altar of Okawaru.
   172 | D        | Noticed a yaktaur
   172 | D        | Noticed a polar bear
   176 | D        | Became a worshipper of Sif Muna the Loreminder
   180 | D        | Learned a level 2 spell: Scorch
   184 | D        | Learned a level 3 spell: Inner Flame
   193 | D        | Learned a level 4 spell: Flame Wave
   282 | D        | Killed a polar bear
   282 | D        | Killed a polar bear
   282 | D        | Killed a yaktaur
   282 | D        | Reached * piety under Sif Muna
   283 | D        | Reached skill level 8 in Conjurations
   283 | D        | Reached XP level 7. HP: 41/41 MP: 1/18
   283 | D        | Reached XP level 8. HP: 46/46 MP: 1/20
   387 | D        | Killed a hornet
   388 | D        | Reached skill level 5 in Hexes
   388 | D        | Reached skill level 5 in Invocations
   396 | D        | Killed a polar bear
   520 | D        | Noticed a kraken
   641 | D        | Learned a level 4 spell: Iskenderun's Mystic Blast
   643 | D        | Learned a level 1 spell: Summon Small Mammal
   991 | D        | Killed a kraken
   991 | D        | Reached ** piety under Sif Muna
   992 | D        | Reached skill level 10 in Spellcasting
   992 | D        | Reached skill level 10 in Conjurations
   992 | D        | Reached XP level 9. HP: 51/51 MP: 0/23
  1136 | D        | Noticed an obsidian statue
  1240 | D        | Noticed a merfolk siren
  1246 | D        | Killed a merfolk siren
  1308 | D        | Noticed Roxanne
  1311 | D        | Found Gamnauv's Distillery.
  1311 | D        | Noticed Kirke
  1311 | D        | Noticed a skeletal warrior
  1311 | D        | Noticed a kobold demonologist
  1312 | D        | Found Masewo's Magic Scroll Emporium.
  1312 | D        | Found Ogruroirch's Magic Scroll Shoppe.
  1312 | D        | Noticed an orange demon
  1312 | D        | Noticed a centaur warrior
  1337 | D        | Found Meoril's Distillery.
  1337 | D        | Found Ytsiwibipn's Magic Scroll Shoppe.
  1337 | D        | Found Deypt's General Store.
  1338 | D        | Found Qeacvi's General Store.
  1338 | D        | Found Wolithrui's Antique Weapon Emporium.
  1338 | D        | Noticed an elephant
  1339 | D        | Found Okkinuq's Antique Armour Shoppe.
  1339 | D        | Found Emodwoin's Book Emporium.
  1359 | D        | Killed an elephant
  1359 | D        | Reached *** piety under Sif Muna
  1360 | D        | Reached skill level 11 in Conjurations
  1360 | D        | Reached skill level 10 in Fire Magic
  1360 | D        | Reached XP level 10. HP: 29/56 MP: 2/24
  1361 | D        | Noticed a sphinx
  1367 | D        | Shot with an arrow by a centaur warrior

Illustrated notes

Levels and vault maps discovered:
D:        the_violet_keep_of_menkaure [sprint2_stairs_cluster_1,
          sprint2_shoproom, sprint2_temple, sprint2_basic_supplies,
          sprint2_obstacle_3, sprint2_obstacle_7, sprint2_obstacle_6,
          sprint2_obstacle_2, sprint2_obstacle_1, sprint2_timed_cluster_1,
          sprint2_smallroom_cluster_1, sprint2_smallroom_final_cluster_1,
          sprint2_transparent_cluster_1, sprint2_second_timed_cluster_1,
          sprint2_sniper_area_1, sprint2_heavy_combat_area_1,
          sprint2_mutation_trap_area_1, sprint2_forest_area_1,
          sprint2_light_combat_area_1, sprint2_behind_water_1,
          sprint2_near_end_vault_1]

Skill      XL: |  1  2  3  4  5  6  7  8  9 |
---------------+----------------------------+-----
Dodging        | 3 4 6 8 |  8.7
Stealth        | 4 5 6 |  6.0
Unarmed Combat | 1 |  1.1
Spellcasting   | 3 4 5 8 10 | 10.8
Fire Magic     | 6 7 8 9 10 | 10.0
Conjurations   | 2 5 8 10 11 | 11.1
Hexes          | 4 5 |  5.0
Invocations    | 4 8 9 |  9.6

Action                     |  1- 3 |  4- 6 |  7- 9 | 10-12 || total
---------------------------+-------+-------+-------+-------++-------
  Melee: Unarmed           |     7 |    15 |       |       ||    22
         Constrict         |     2 |     5 |       |       ||     7
         Punch             |     1 |     2 |       |       ||     3
         Tentacles         |       |     4 |       |       ||     4
   Cast: Foxfire           |     1 |    21 |    14 |       ||    36
         Scorch            |       |     3 |    21 |       ||    24
         Inner Flame       |       |     3 |     9 |       ||    12
         Summon Small Mamm |       |       |    25 |     1 ||    26
         Flame Wave        |       |       |     2 |       ||     2
         Iskenderun's Myst |       |       |     3 |       ||     3
    Use: Potion            |     2 |       |       |       ||     2
         Scroll            |       |     1 |       |       ||     1
 Armour: Skin              |     1 |     8 |    13 |     2 ||    24
  Dodge: Dodged            |     5 |    10 |    12 |       ||    27

Table legend: (Time is in decaauts)
 A = Elapsed time spent in this place.
 B = Non-inter-level travel time spent in this place.
 C = Inter-level travel time spent in this place.
 D = Time resting spent in this place.
 E = Time spent auto-exploring this place.
 F = Levels seen in this place.
 G = Mean time per level.
                   A        B        C        D        E       F      G
               +--------+--------+--------+--------+--------+-----+--------+
         Total |   1365 |   1365 |      0 |    525 |      0 |   1 | 1365.0 |
       Dungeon |   1365 |   1365 |      0 |    525 |      0 |   1 | 1365.0 |
               +--------+--------+--------+--------+--------+-----+--------+

Top non-repeatable levels by time:
       D: 1365 daAuts
